 Dungeon Crawl Stone Soup version 0.23-a0-29-g1be82e5 (webtiles) character file.

72 Pawles22 the Vandal (level 4, -8/30 HPs)
             Began as a Halfling Hunter on Aug 3, 2018.
             Was a Follower of Uskayaw.
             Killed by divine providence
             ... invoked by an orc priest
              (12 damage)
             ... on level 3 of the Dungeon.
             The game lasted 00:11:46 (1926 turns).

Pawles22 the Vandal (Halfling Hunter)               Turns: 1926, Time: 00:11:47

Health: -8/30      AC:  9    Str: 19    XL:     4   Next: 50%
Magic:  4/4        EV: 10    Int:  9    God:    Uskayaw [*.....]
Gold:   57         SH:  0    Dex: 14    Spells: 3/3 levels left

rFire    . . .     SeeInvis .   b - +0 short sword
rCold    . . .     Gourm    .   (shield restricted)
rNeg     . . .     Faith    .   g - +1 chain mail
rPois    .         Spirit   .   (no helmet)
rElec    .         Reflect  .   (no cloak)
rCorr    .         Harm     .   (no gloves)
MR       .....                  (no boots)
Stlth    ..........             (no amulet)
HPRegen  0.10/turn              (no ring)
MPRegen  0.09/turn              (no ring)

@: mighty
A: small, mutation resistance 1
a: Stomp, Renounce Religion


You were on level 3 of the Dungeon.
You worshipped Uskayaw.
Uskayaw was noncommittal.
You were not hungry.

You visited 1 branch of the dungeon, and saw 3 of its levels.

You collected 57 gold pieces.

Inventory:

Hand Weapons
 a - a +1 hunting sling
 b - a +0 short sword (weapon)
Missiles
 d - 35 sling bullets
 j - 54 stones (quivered)
Armour
 g - a +1 chain mail (worn)
Scrolls
 e - a scroll of amnesia {unknown}
 k - a scroll of immolation {unknown}
 m - 6 scrolls of identify {unknown}
 n - 2 scrolls of remove curse
 q - 2 scrolls of random uselessness
Potions
 h - a potion of mutation {unknown}
 i - a potion of might
 l - a potion of brilliance {unknown}
 o - 2 potions of heal wounds {unknown}
Comestibles
 c - a chunk of flesh
 f - 4 rations


   Skills:
 + Level 2.4 Fighting
 * Level 7.2 Slings
 + Level 1.6 Armour
 - Level 2.1 Dodging
 - Level 1.2 Stealth


You had 3 spell levels left.
You didn't know any spells.
Your spell library was empty.

Dungeon Overview and Level Annotations

Branches:
Dungeon (3/15)

Altars:
Fedhas
Nemelex Xobeh
Uskayaw
Xom
Yredelemnul
The Shining One


Innate Abilities, Weirdness & Mutations

You are small and have problems with some larger weapons.
You are somewhat resistant to further mutation.


Message History

The orc barely misses you. The orc priest barely misses you.
You take 6 damage, and have 24/30 hp.
The adder bites you but does no damage.
The orc priest calls down the wrath of Beogh upon you.
Pain shoots through your body! The adder bites you but does no damage.
You take 7 damage, and have 17/30 hp.
MASSIVE DAMAGE!!
Your surroundings seem slightly different.
Found a dagger.
Okay, then.
Okay, then.
The orc priest mumbles some strange prayers to Beogh against you.
Beogh smites you!
* * * LOW HITPOINT WARNING * * *
You take 14 damage, and have 3/30 hp.
MASSIVE DAMAGE!!
It was a potion of might.
You feel very mighty all of a sudden.
You barely miss the adder. The adder bites you but does no damage.
The orc priest calls down the wrath of Beogh upon you.
Beogh smites you!
You die...

.......# #.........
.....#.###......#
.....#..##.o....####.
.........oo..........
.....##.##...o...##
##...S...+.......#
##.#####.#...S...#
..o)o...o(######S#
........(.....##@#
.......(......##.#
..............##.#
.....†........##.#
..............##.#
.....#####..####.#
.....# ##.# #.#
.....# #.## #.#
.....# #..# #.#


You could see an orc priest, an adder and an orc.

Vanquished Creatures
  2 adders (D:2)
  An ooze (D:1)
  2 worms (D:2)
  A dart slug (D:1)
  2 leopard geckos
  2 giant cockroaches
  2 hobgoblins (D:2)
  5 kobolds (D:1)
  6 bats
  2 frilled lizards (D:2)
  4 goblins
  18 rats
47 creatures vanquished.

Notes
Turn   | Place    | Note
-------+----------+-------------------------------------------
     0 | D:1      | Pawles22 the Halfling Hunter began the quest for the Orb.
     0 | D:1      | Reached XP level 1. HP: 14/14 MP: 1/1
   118 | D:1      | Reached skill level 6 in Slings
   248 | D:1      | Reached XP level 2. HP: 12/19 MP: 2/2
   596 | D:1      | Reached XP level 3. HP: 8/24 MP: 3/3
   869 | D:1      | Reached skill level 1 in Armour
  1020 | D:2      | Found a glowing golden altar of the Shining One.
  1020 | D:2      | Found a hide-covered altar of Uskayaw.
  1021 | D:2      | Found a sparkling altar of Nemelex Xobeh.
  1223 | D:2      | Found a basalt altar of Yredelemnul.
  1224 | D:2      | Found a shimmering altar of Xom.
  1326 | D:2      | Reached XP level 4. HP: 13/29 MP: 4/4
  1415 | D:2      | Reached skill level 7 in Slings
  1670 | D:2      | Became a worshipper of Uskayaw the Reveler
  1724 | D:2      | Found a blossoming altar of Fedhas.
  1797 | D:2      | Reached * piety under Uskayaw
  1902 | D:3      | Reached ** piety under Uskayaw
  1926 | D:3      | Killed from afar by an orc priest

Vault maps used:
D:1:      erik_arrival_orb_chamber, glass_columns_c
D:2:      grunt_temple_overflow_open, fedhas_altar_fruit_tree
D:3:      lemuel_doored_altar, minmay_goblin_kobold_house

Skill      XL: |  1  2  3  4 |
---------------+-------------+-----
Slings         | 6 7 |  7.2
Fighting       | 2 |  2.4
Armour         | 1 |  1.6
Dodging        | |  2.1
Stealth        | |  1.2

Action                   |  1- 3 |  4- 6 || total
-------------------------+-------+-------++-------
Melee: Dagger            |    31 |       ||    31
       Short sword       |    69 |    50 ||   119
       Hunting sling     |     4 |       ||     4
 Fire: Hunting sling     |    29 |    30 ||    59
  Use: Scroll            |     2 |     2 ||     4
       Potion            |       |     1 ||     1
  Eat: Chunk             |     1 |     2 ||     3
Armor: Chain mail        |    58 |    41 ||    99
Dodge: Dodged            |    50 |    35 ||    85

Table legend:
 A = Spawn XP
 B = Non-spawn XP
 C = Spawn XP percentage of total XP
 D = Spawn monster count
 E = Non-spawn monster count
 F = Spawn count percentage of total count
 G = Total turns spent on level
                    A         B        C        D         E        F      G
               +---------+---------+-------+---------+---------+-------+---------
         Total |       0 |     104 |   0.0 |       0 |      47 |   0.0 |  1926
               +---------+---------+-------+---------+---------+-------+---------
           D:1 |       0 |      41 |   0.0 |       0 |      26 |   0.0 |  1143
           D:2 |       0 |      56 |   0.0 |       0 |      17 |   0.0 |   691
           D:3 |       0 |       7 |   0.0 |       0 |       4 |   0.0 |    92
               +---------+---------+-------+---------+---------+-------+---------
